 Dungeon Crawl Stone Soup version 0.30.1-4-g462c640d31 (webtiles) character file.

Game seed: 13561983361864056631

607 cracker123456789 the Covered (level 7, -1/61 HPs)
             Began as a Minotaur Berserker on Sept 9, 2023.
             Was a Priest of Trog.
             Slain by a water moccasin (6 damage)
             ... on level 5 of the Dungeon.
             The game lasted 00:19:10 (3734 turns).

cracker123456789 the Covered (Minotaur Berserker)   Turns: 3734, Time: 00:19:11

Health: -1/61      AC: 12    Str: 24    XL:     7   Next: 19%
Magic:  0/6        EV:  7    Int:  4    God:    Trog [***...]
Gold:   160        SH:  0    Dex:  9    Spells: 6/6 levels left

rFire   . . .        a - +2 bardiche (venom)
rCold   . . .        (shield currently unavailable)
rNeg    . . .        k - +0 plate armour
rPois   .            (helmet restricted)
rElec   .            (no cloak)
rCorr   .            (no gloves)
SInv    .            (no boots)
Will    .....        e - amulet of guardian spirit Stlth
                     (no ring)
HPRegen 0.30/turn    (no ring)
MPRegen 0.10/turn

%: guardian spirit
@: lethally poisoned (-1 -> -4)
A: horns 2, retaliatory headbutt
a: Renounce Religion, Berserk, Trog's Hand


You were on level 5 of the Dungeon.
You worshipped Trog.
Trog was most pleased with you.
You visited 1 branch of the dungeon, and saw 5 of its levels.

You collected 160 gold pieces.

Inventory:

Hand Weapons
 a - a +2 bardiche of venom (weapon)
 c - a +0 dagger
 x - a +2 vampiric spear
Missiles
 j - 10 boomerangs (quivered)
 n - 51 stones
Armour
 b - a +0 animal skin
 k - a +0 plate armour (worn)
Jewellery
 e - an amulet of guardian spirit (around neck)
 l - an amulet of reflection
Scrolls
 o - 5 scrolls of poison
 r - a scroll of acquirement
 s - 6 scrolls of identify
 t - 2 scrolls of amnesia
 w - 2 scrolls of fear
 y - a scroll of fog {unknown}
 B - 2 scrolls of enchant armour {unknown}
 C - a scroll of silence {unknown}
Potions
 h - 2 potions of might
 u - a potion of curing
 A - a potion of brilliance {unknown}
 D - a potion of ambrosia {unknown}


   Skills:
 + Level 5.3 Fighting
 + Level 5.2(5.8) Axes
 + Level 3.5(4.9) Polearms
 + Level 6.4 Armour
 + Level 3.0 Dodging


You had 6 spell levels left.
You didn't know any spells.
Your spell library was empty.

Dungeon Overview and Level Annotations

Branches:
Dungeon (5/15)
 Temple: D:4-7

Altars:
Gozag
Hepliaklqana
Wu Jian

Shops:
D:4 (


Innate Abilities, Weirdness & Mutations

You have a pair of horns on your head.
You reflexively headbutt those who attack you in melee.


Message History

You kill the gnoll!
Trog accepts your kill.
The gnoll hits you but does no damage. x3
The water moccasin barely misses you. The gnoll hits you but does no damage.
The gnoll hits you with a +0 spear. The gnoll hits you but does no damage.
You closely miss the water moccasin.
Your headbutt misses the water moccasin.
The water moccasin barely misses you. You furiously retaliate!
You headbutt the water moccasin! The water moccasin bites you.
The gnoll hits you but does no damage. The gnoll hits you with a +0 spear.
The gnoll hits you but does no damage. The water moccasin bites you!
You are poisoned.
The water moccasin poisons you!
You slash the gnoll!
The gnoll is poisoned.
Your headbutt misses the gnoll.
The gnoll is severely wounded.
You feel very sick.
The gnoll hits you but does no damage. x2; The gnoll hits you with a +0 flail.
* * * LOW HITPOINT WARNING * * *
The water moccasin barely misses you. The gnoll hits you with a +0 flail.
* * * LOW HITPOINT WARNING * * *
The gnoll completely misses you. The gnoll barely misses you.
The water moccasin bites you but does no damage.
You closely miss the gnoll.
You headbutt the gnoll, but do no damage.
The gnoll is almost dead.
You feel sick.
You kill the gnoll!
Trog accepts your kill.
The water moccasin bites you but does no damage.
The gnoll hits you but does no damage. The gnoll barely misses you.
The water moccasin bites you but does no damage.
The gnoll hits you with a +0 flail.
* * * LOW HITPOINT WARNING * * *
The gnoll hits you but does no damage.
Unknown command.
You barely miss the water moccasin.
The water moccasin is moderately wounded.
You feel sick. The water moccasin barely misses you.
The water moccasin bites you!
You die...

.......>.....#
####.##..#...#####.#
)....##.###........#
.......## ##.#######
.##.###.###..#
.##.####.#...#
.##.........†#########
.########.##...g)g...#
..........###..S@....#
.########.# #.########
.# #.# #.# .# ###.#
#.# .# ###...# #g# ##
#.....###.# #
#......)#g# #
#.......#.# #
#......)#.##


You could see a water moccasin and 2 gnolls.

Vanquished Creatures
  An ogre (D:4)
  A phantom (D:5)
  A scorpion (D:2)
  2 orc priests
  6 iguanas
  An orc wizard (D:3)
  2 gnolls (D:5)
  5 adders
  A worm (D:2)
  A dart slug (D:5)
  11 orcs
  6 ball pythons
  7 bats
  2 endoplasms
  3 giant cockroaches
  13 goblins
  3 hobgoblins (D:2)
  7 jackals
  7 kobolds
  2 quokkas
  7 frilled lizards
  2 rats (D:1)
91 creatures vanquished.

Notes
Turn   | Place    | Note
-------+----------+-------------------------------------------
     0 | D:1      | cracker123456789 the Minotaur Berserker began the quest for
                  | the Orb.
     0 | D:1      | Reached XP level 1. HP: 19/19 MP: 0/0
   164 | D:1      | Found a faded altar of an unknown god.
   391 | D:1      | Reached XP level 2. HP: 22/27 MP: 1/1
   823 | D:1      | Reached skill level 3 in Armour
  1477 | D:2      | Reached XP level 3. HP: 33/33 MP: 2/2
  1493 | D:2      | Reached ** piety under Trog
  1541 | D:2      | Noticed a scorpion
  1549 | D:2      | Killed a scorpion
  1550 | D:2      | Reached skill level 5 in Axes
  1550 | D:2      | Reached XP level 4. HP: 41/41 MP: 3/3
  2165 | D:3      | Reached skill level 1 in Polearms
  2165 | D:3      | Reached XP level 5. HP: 30/47 MP: 4/4
  2259 | D:3      | Reached skill level 4 in Armour
  2842 | D:3      | Found an opulent altar of Gozag.
  2842 | D:3      | Found an ornate altar of the Wu Jian Council.
  2985 | D:4      | Found a hazy altar of Hepliaklqana.
  3143 | D:4      | Found Apputum's Antique Weapon Shop.
  3143 | D:4      | Noticed an ogre
  3151 | D:4      | Reached skill level 5 in Armour
  3151 | D:4      | Reached XP level 6. HP: 42/53 MP: 5/5
  3162 | D:4      | Reached *** piety under Trog
  3248 | D:5      | Entered Level 5 of the Dungeon
  3322 | D:5      | Reached skill level 5 in Fighting
  3326 | D:5      | Identified 2 scrolls of acquirement
  3326 | D:5      | Acquired a +2 bardiche of venom
  3549 | D:5      | Reached skill level 6 in Armour
  3549 | D:5      | Reached XP level 7. HP: 18/61 MP: 3/6
  3734 | D:5      | Slain by a water moccasin

Illustrated notes

Levels and vault maps discovered:
D:1:      wheals_arrival_linesprint, layout_loops_corners,
          chequers_ecumenical_altar_simple, kennysheep_another_room
D:2:      layout_rooms, chequers_serial_rivers_small_a, minmay_pentomino_v2
D:3:      layout_loops_ring, gammafunk_temple_overflow_wave
D:4:      kennysheep_big_flooded_room, layout_loops_cross,
          mainiacjoe_overflow_tiny_flanked, minmay_temple_entry_statues_pillars,
          grunt_decor_clamped, nicolae_take_the_stairs
D:5:      layout_loops_ring, kennysheep_mini, minmay_tree_intersection,
          dreamdust_princess_corridor, kennysheep_generic_room_10

Skill      XL: |  1  2  3  4  5  6 |
---------------+-------------------+-----
Axes           | 4 5 |  5.2
Fighting       | 4 5 |  5.3
Armour         | 3 5 6 |  6.4
Dodging        | 3 |  3.0
Polearms       | 1 3 |  3.5

Action                     |  1- 3 |  4- 6 |  7- 9 || total
---------------------------+-------+-------+-------++-------
  Melee: Hand axe          |    62 |    37 |       ||    99
         Headbutt          |     5 |    20 |     3 ||    28
         Spear             |       |   105 |       ||   105
         Punch             |       |     2 |       ||     2
         Bardiche          |       |    14 |     9 ||    23
 Invoke: Berserk           |     1 |       |       ||     1
    Use: Scroll            |     2 |     4 |     2 ||     8
         Potion            |     1 |       |     2 ||     3
 Armour: Plate armour      |    87 |   192 |    24 ||   303
         Animal skin       |     3 |       |       ||     3
  Dodge: Dodged            |    46 |    76 |    11 ||   133
